Devils vs Nordiques

Created - January 29, 2020 at 20:07

Goals
1 2 3 T
Devils 1 0 1 2
Nordiques 2 1 1 4
Shots
1 2 3 T
Devils 12 10 7 29
Nordiques 13 18 6 37

1st period

1. Nordiques , Evander Kane 26 (Ryan Ellis 44, Vladimir Tarasenko 26) at 2:51 (PP)
2. Nordiques , David Legwand 9 (Dustin Byfuglien 8) at 3:25
3. Devils , Travis Hamonic 4 (Ryan Johansen 27) at 15:55 (PP)

Penalties :
Tyler Seguin (NJD) for Elbowing (Minor) at 2:16, Mike Brown (Que) for Roughing (Minor) at 4:29, Matt Gilroy (Que) for Roughing (Minor) at 11:07, Maxim Talbot (Que) for Cross-checking (Minor) at 14:51, David Legwand (Que) for Roughing (Minor) at 17:54

2nd period

4. Nordiques , Maxim Talbot 14 (Mike Brown 7, David Legwand 23) at 5:50

Penalties :
Mike Brown (Que) for Roughing (Minor) at 9:04, Fedor Tyutin (Que) for Tripping (Minor) at 13:37, Marian Hossa (NJD) for Boarding (Minor) at 18:28

3rd period

5. Devils , Travis Hamonic 5 (Brady Skjei 12, Johnny Gaudreau 30) at 5:24 (PP)
6. Nordiques , Tim Connolly 10 (Evander Kane 26, Vladimir Tarasenko 27) at 19:36 (Empty Net)

Penalties :
Jiri Hudler (Que) for Holding (Minor) at 5:13, Gabriel Landeskog (NJD) for Diving (Minor) at 9:41, Fedor Tyutin (Que) for Tripping (Minor) at 15:42

Goalie Stats

John Gibson (NJD), 33 saves from 36 shots - (0.917), L, 15-18-1, 59:14 minutes
Julien Ellis (Que), 27 saves from 29 shots - (0.931), W, 8-6-0, 60:00 minutes

Players Stats for Devils

Player Name              G  A  P  +/- PIM S  H  SB GA TA FO     MP     PP MP  PK MP  
------------------------------------------------------------------------------------
Anthony Stewart          0  0  0  -1  0   1  3  0  0  0  0/0    12:15   5:29   0:00 
Brady Skjei              0  1  1  -1  0   2  3  3  0  0  0/0    21:48   8:22   0:00 
Brandon Burlon           0  0  0  -1  0   0  0  0  0  0  0/0    11:20   0:00   0:00 
Gabriel Landeskog        0  0  0  -1  2   2  1  1  0  0  0/0    14:05   0:07   0:24 
Johnny Gaudreau          0  1  1   0  0   1  0  0  1  0  1/2    20:59   7:33   1:11 
Jordan Caron             0  0  0   0  0   0  1  0  0  0  0/0    10:24   0:07   0:00 
Kellan Lain              0  0  0   0  0   2  1  1  1  0  0/0    15:33   5:29   0:47 
Kevin Porter             0  0  0   0  0   1  1  1  0  0  5/12   10:51   0:00   1:04 
Ladislav Smid            0  0  0  -1  0   1  0  2  0  0  0/0    18:18   4:47   1:44 
Marian Hossa             0  0  0  -1  2   2  3  0  0  0  2/3    20:35   7:33   0:00 
Rostislav Olesz          0  0  0  -2  0   0  1  0  0  0  0/0     8:47   0:07   0:00 
Ryan Johansen            0  1  1  -1  0   4  0  0  0  0  3/8    20:21   5:29   2:50 
Shea Weber               0  0  0  -2  0   3  0  1  0  3  0/0    20:44   0:00   2:49 
Tobias Enstrom           0  0  0   0  0   0  2  0  1  0  0/0    19:13   4:47   1:44 
Travis Hamonic           2  0  2  -1  0   5  2  0  1  0  0/0    28:37   8:22   2:49 
Tyler Bozak              0  0  0  -1  0   0  2  0  0  0  1/4     6:57   0:00   0:35 
Tyler Seguin             0  0  0  -1  2   5  1  0  0  0  24/39  23:14   7:33   2:15 
Viktor Arvidsson         0  0  0  -1  0   0  1  0  0  0  0/0    11:23   0:00   0:00 

Players Stats for Nordiques

Player Name              G  A  P  +/- PIM S  H  SB GA TA FO     MP     PP MP  PK MP  
------------------------------------------------------------------------------------
Adam Pineault            0  0  0   0  0   0  0  0  0  0  0/0     4:01   0:00   0:00 
David Legwand            1  1  2   1  2   2  0  2  0  0  6/11   18:44   1:47   3:43 
Dustin Byfuglien         0  1  1   2  0   2  4  1  0  0  0/0    12:00   0:00   0:00 
Evander Kane             1  1  2   1  0   1  2  1  1  0  0/1    24:56   2:46   8:22 
Fedor Tyutin             0  0  0   0  4   4  2  2  0  0  0/0    19:02   1:37   2:58 
Jay Bouwmeester          0  0  0   1  0   1  0  0  0  1  0/0    27:59   2:56   8:30 
Jiri Hudler              0  0  0   1  2   0  0  0  1  0  0/0    14:59   1:47   0:00 
Matt Gilroy              0  0  0   2  2   3  1  1  0  0  0/0    13:55   0:00   1:41 
Maxim Talbot             1  0  1   1  2   4  0  0  0  0  3/8    11:07   0:00   0:15 
Mike Brown               0  1  1   1  4   3  1  3  0  1  0/0    12:07   0:00   0:37 
Mike Fisher              0  0  0   0  0   1  1  0  0  0  1/2     3:56   0:00   0:00 
Paul Gaustad             0  0  0   0  0   0  0  0  0  0  0/0     1:52   0:00   0:00 
R.J. Umberger            0  0  0   1  0   2  2  0  0  0  1/1    15:00   1:47   0:00 
Ryan Ellis               0  1  1   1  0   2  1  4  0  0  0/0    27:59   2:56   8:30 
T.J. Fast                0  0  0   0  0   1  0  1  0  1  0/0    20:01   1:37   4:39 
Tim Connolly             1  0  1   1  0   2  2  0  0  1  13/24  19:39   2:46   3:52 
Vladimir Tarasenko       0  2  2   1  0   8  1  0  1  0  7/20   27:42   2:46   8:25 
Zac Rinaldo              0  0  0   1  0   1  1  0  0  0  1/1    11:44   0:00   1:04 

3 Stars

1 - Evander Kane (Que)
2 - Travis Hamonic (NJD)
3 - Dustin Byfuglien (Que)

Power Play

Devils - 2 on 8 Attempt(s) - 25.00%
Nordiques - 1 on 3 Attempt(s) - 33.33%

Penalty Kill

Devils - 2 on 3 Attempt(s) - 66.67% - Score 0 goal in Penalty Kill
Nordiques - 6 on 8 Attempt(s) - 75.00% - Score 0 goal in Penalty Kill

Team Stat

Devils - Hits : 22 - Faceoff Wins : 36 - Blocked Shots : 9 - Penalty Minutes : 6
Nordiques - Hits : 18 - Faceoff Wins : 32 - Blocked Shots : 15 - Penalty Minutes : 16

Official

Referees : Unknown
Linesman : Unknown

Game Notes

Tim Connolly has scored in a empty net!

Finance

Level 1 -- Attendance: 4177 (69.62%) -- Ticket Income $522,125
Level 2 -- Attendance: 3982 (79.64%) -- Ticket Income $298,650
Level 3 -- Attendance: 1592 (79.60%) -- Ticket Income $79,600
Level 4 -- Attendance: 2794 (69.85%) -- Ticket Income $111,760
Luxury Box -- Attendance: 862 (86.20%) -- Ticket Income $163,780
Game was played at the Centre Videotron.
Total Attendance: 13407 (74.48%)
Total Ticket Income: $1,175,915
Other Income: $176,387
Total Income: $1,352,302

Devils

5 vs 5 Forward 
   Center                   Left Wing                Right Wing               Time % Phy DF OF 
 1 Tyler Seguin             Johnny Gaudreau          Marian Hossa             40     1   2  2  
 2 Ryan Johansen            Gabriel Landeskog        Viktor Arvidsson         30     1   2  2  
 3 Kevin Porter             Kellan Lain              Jordan Caron             20     1   2  2  
 4 Tyler Bozak              Rostislav Olesz          Anthony Stewart          10     1   2  2  

5 vs 5 Defense 
   Defense                  Defense                                           Time % Phy DF OF 
 1 Travis Hamonic           Shea Weber                                        40     1   2  2  
 2 Tobias Enstrom           Brady Skjei                                       30     1   2  2  
 3 Ladislav Smid            Brandon Burlon                                    20     1   2  2  
 4 Travis Hamonic           Shea Weber                                        10     1   2  2  

PowerPlay Forward 
   Center                   Left Wing                Right Wing               Time % Phy DF OF 
 1 Tyler Seguin             Johnny Gaudreau          Marian Hossa             60     1   2  2  
 2 Ryan Johansen            Kellan Lain              Anthony Stewart          40     1   2  2  

PowerPlay Defense
   Defense                  Defense                                           Time % Phy DF OF 
 1 Travis Hamonic           Brady Skjei                                       60     1   2  2  
 2 Tobias Enstrom           Ladislav Smid                                     40     1   2  2  

Penalty Kill 4 Players Forward 
   Center                   Wing                     Time % Phy DF OF 
 1 Tyler Seguin             Ryan Johansen            60     1   2  2  
 2 Johnny Gaudreau          Kellan Lain              40     1   2  2  

Penalty Kill 4 Players Defense
   Defense                  Defense                  Time % Phy DF OF 
 1 Travis Hamonic           Shea Weber               60     1   2  2  
 2 Tobias Enstrom           Ladislav Smid            40     1   2  2  

Penalty Kill - 3 Players Forward 
   Forward                                           Time % Phy DF OF 
 1 Tyler Seguin                                      60     1   2  2  
 2 Ryan Johansen                                     40     1   2  2  

Penalty Kill - 3 Players Defense
   Defense                  Defense                  Time % Phy DF OF 
 1 Travis Hamonic           Shea Weber               60     1   2  2  
 2 Tobias Enstrom           Ladislav Smid            40     1   2  2  

4 vs 4 Forward 
   Center                   Wing                     Time % Phy DF OF 
 1 Tyler Seguin             Ryan Johansen            60     1   2  2  
 2 Johnny Gaudreau          Kellan Lain              40     1   2  2  

4 vs 4 Defense
   Defense                  Defense                  Time % Phy DF OF 
 1 Travis Hamonic           Shea Weber               60     1   2  2  
 2 Tobias Enstrom           Brady Skjei              40     1   2  2  

Last Minutes Offensive
   Center                   Left Wing                Right Wing               Defense                  Defense                  
   Tyler Seguin             Johnny Gaudreau          Marian Hossa             Travis Hamonic           Shea Weber               

Last Minutes Defensive
   Center                   Left Wing                Right Wing               Defense                  Defense                  
   Tyler Seguin             Johnny Gaudreau          Marian Hossa             Travis Hamonic           Shea Weber               

Goaltenders
Starting : John Gibson              
Backup : Keith Kinkaid            

Extra Forwards
Normal : Gabriel Landeskog, Rostislav Olesz, Kevin Porter - PP : Gabriel Landeskog, Rostislav Olesz - PK : Kevin Porter
Extra Defensemen
Normal : Brady Skjei, Brandon Burlon, Tobias Enstrom - PP : Brady Skjei - PK : Brandon Burlon, Tobias Enstrom
Penalty Shots
Tyler Seguin, Ryan Johansen, Johnny Gaudreau, Kellan Lain, Gabriel Landeskog

Scratches
Pernell Karl Subban (Healthy)

Nordiques

5 vs 5 Forward 
   Center                   Left Wing                Right Wing               Time % Phy DF OF 
 1 Tim Connolly             Evander Kane             Vladimir Tarasenko       40     1   2  2  
 2 David Legwand            R.J. Umberger            Jiri Hudler              30     1   2  2  
 3 Maxim Talbot             Zac Rinaldo              Mike Brown               20     1   2  2  
 4 Mike Fisher              Vladimir Tarasenko       Adam Pineault            10     1   2  2  

5 vs 5 Defense 
   Defense                  Defense                                           Time % Phy DF OF 
 1 Ryan Ellis               Jay Bouwmeester                                   40     1   2  2  
 2 Fedor Tyutin             T.J. Fast                                         30     1   2  2  
 3 Dustin Byfuglien         Matt Gilroy                                       20     1   2  2  
 4 Ryan Ellis               Jay Bouwmeester                                   10     1   2  2  

PowerPlay Forward 
   Center                   Left Wing                Right Wing               Time % Phy DF OF 
 1 Tim Connolly             Evander Kane             Vladimir Tarasenko       60     1   2  2  
 2 David Legwand            R.J. Umberger            Jiri Hudler              40     1   2  2  

PowerPlay Defense
   Defense                  Defense                                           Time % Phy DF OF 
 1 Ryan Ellis               Jay Bouwmeester                                   60     1   2  2  
 2 Fedor Tyutin             T.J. Fast                                         40     1   2  2  

Penalty Kill 4 Players Forward 
   Center                   Wing                     Time % Phy DF OF 
 1 Vladimir Tarasenko       Evander Kane             60     1   2  2  
 2 Tim Connolly             David Legwand            40     1   2  2  

Penalty Kill 4 Players Defense
   Defense                  Defense                  Time % Phy DF OF 
 1 Ryan Ellis               Jay Bouwmeester          60     1   2  2  
 2 Fedor Tyutin             T.J. Fast                40     1   2  2  

Penalty Kill - 3 Players Forward 
   Forward                                           Time % Phy DF OF 
 1 Vladimir Tarasenko                                60     1   2  2  
 2 Evander Kane                                      40     1   2  2  

Penalty Kill - 3 Players Defense
   Defense                  Defense                  Time % Phy DF OF 
 1 Ryan Ellis               Jay Bouwmeester          60     1   2  2  
 2 Fedor Tyutin             T.J. Fast                40     1   2  2  

4 vs 4 Forward 
   Center                   Wing                     Time % Phy DF OF 
 1 Vladimir Tarasenko       Evander Kane             60     1   2  2  
 2 Tim Connolly             David Legwand            40     1   2  2  

4 vs 4 Defense
   Defense                  Defense                  Time % Phy DF OF 
 1 Ryan Ellis               Jay Bouwmeester          60     1   2  2  
 2 Fedor Tyutin             T.J. Fast                40     1   2  2  

Last Minutes Offensive
   Center                   Left Wing                Right Wing               Defense                  Defense                  
   Tim Connolly             Evander Kane             Vladimir Tarasenko       Ryan Ellis               Jay Bouwmeester          

Last Minutes Defensive
   Center                   Left Wing                Right Wing               Defense                  Defense                  
   Tim Connolly             Evander Kane             Vladimir Tarasenko       Ryan Ellis               Jay Bouwmeester          

Goaltenders
Starting : Julien Ellis             
Backup : Jonathan Quick           

Extra Forwards
Normal : Paul Gaustad, Maxim Talbot, Mike Brown - PP : Paul Gaustad, Maxim Talbot - PK : Mike Brown
Extra Defensemen
Normal : Dustin Byfuglien, Matt Gilroy, Fedor Tyutin - PP : Dustin Byfuglien - PK : Matt Gilroy, Fedor Tyutin
Penalty Shots
Vladimir Tarasenko, Evander Kane, Tim Connolly, David Legwand, R.J. Umberger

Scratches
Cody McLeod (Healthy), Trevor Daley (Separated Right Shoulder Injury), James Sheppard (Healthy)

% Time on Ice - Devils

Lines # - Real PCT - Wanted PCT - Time Play
Normal Forward
1 - 33% - 40% - 13:47
2 - 29% - 30% - 11:58
3 - 23% - 20% - 9:21
4 - 15% - 10% - 6:22
Normal Defense
1 - 43% - 40% - 17:39
2 - 31% - 30% - 12:42
3 - 26% - 20% - 10:57
4 - 0% - 10% - 0:10
PP Forward
1 - 58% - 60% - 7:40
2 - 42% - 40% - 5:29
PP Defense
1 - 64% - 60% - 8:22
2 - 36% - 40% - 4:47
PK Forward
1 - 86% - 60% - 3:54
2 - 14% - 40% - 0:39
PK Defense
1 - 62% - 60% - 2:49
2 - 38% - 40% - 1:44
PK3 Forward
1 - 0% - 60%
2 - 0% - 40%
PK3 Defense
1 - 0% - 60%
2 - 0% - 40%
44 Forward
1 - 0% - 60%
2 - 0% - 40%
44 Defense
1 - 0% - 60%
2 - 0% - 40%
Last Minute Offensive  - 0:50
Last Minute Defensive  - 0:00
Total
Forward - 60:00
Defense - 60:00

% Time on Ice - Nordiques

Lines # - Real PCT - Wanted PCT - Time Play
Normal Forward
1 - 33% - 40% - 13:52
2 - 33% - 30% - 13:36
3 - 24% - 20% - 10:05
4 - 9% - 10% - 3:56
Normal Defense
1 - 40% - 40% - 16:33
2 - 33% - 30% - 13:45
3 - 27% - 20% - 11:11
4 - 0% - 10% - 0:00
PP Forward
1 - 61% - 60% - 2:46
2 - 39% - 40% - 1:47
PP Defense
1 - 64% - 60% - 2:56
2 - 36% - 40% - 1:37
PK Forward
1 - 71% - 60% - 9:17
2 - 29% - 40% - 3:52
PK Defense
1 - 65% - 60% - 8:30
2 - 35% - 40% - 4:39
PK3 Forward
1 - 0% - 60%
2 - 0% - 40%
PK3 Defense
1 - 0% - 60%
2 - 0% - 40%
44 Forward
1 - 0% - 60%
2 - 0% - 40%
44 Defense
1 - 0% - 60%
2 - 0% - 40%
Last Minute Offensive  - 0:00
Last Minute Defensive  - 0:49
Total
Forward - 60:00
Defense - 60:00

Play-by-Play

1st period


0:01 of 1st period - Tyler Seguin wins face-off versus Tim Connolly in neutral zone.
0:48 of 1st period - Wrist shot by Kevin Porter.
0:48 of 1st period - Stopped by Julien Ellis without a rebound.
0:49 of 1st period - Kevin Porter wins face-off versus Maxim Talbot in Nordiques zone.
1:14 of 1st period - Tobias Enstrom is hit by Mike Fisher and loses puck.
1:21 of 1st period - Fedor Tyutin is hit by Kevin Porter and loses puck.
2:04 of 1st period - Snap shot by Kellan Lain.
2:04 of 1st period - Stopped by Julien Ellis with a rebound.
2:06 of 1st period - Wrist shot by Jordan Caron.
2:06 of 1st period - Deflect By Evander Kane.
2:06 of 1st period - Shot Blocked by Fedor Tyutin.
2:06 of 1st period - Puck is out of play.
2:07 of 1st period - Maxim Talbot wins face-off versus Tyler Seguin in Nordiques zone.
2:14 of 1st period - Slapshot by Zac Rinaldo.
2:14 of 1st period - Stopped by John Gibson with a rebound.
2:16 of 1st period - Minor Penalty to Tyler Seguin for Elbowing.
2:17 of 1st period - Tim Connolly wins face-off versus Tyler Bozak in Devils zone.
2:26 of 1st period - Snap shot by Vladimir Tarasenko.
2:26 of 1st period - Stopped by John Gibson without a rebound.
2:27 of 1st period - Tyler Bozak wins face-off versus Tim Connolly in Devils zone.
2:51 of 1st period - Snap shot by Evander Kane.
2:51 of 1st period - Goal by Evander Kane - Devils : 0 - Nordiques : 1.
2:52 of 1st period - Tim Connolly wins face-off versus Tyler Seguin in neutral zone.
2:57 of 1st period - Evander Kane is hit by Marian Hossa and loses puck.
3:08 of 1st period - Wrist shot by Vladimir Tarasenko.
3:08 of 1st period - Shot Misses the Net.
3:20 of 1st period - Travis Hamonic is hit by Dustin Byfuglien and loses puck.
3:25 of 1st period - Wrist shot by David Legwand.
3:25 of 1st period - Goal by David Legwand - Devils : 0 - Nordiques : 2.
3:26 of 1st period - Tyler Seguin wins face-off versus Vladimir Tarasenko in neutral zone.
3:47 of 1st period - Tyler Seguin is hit by Evander Kane and loses puck.
4:07 of 1st period - Wrist shot by David Legwand.
4:07 of 1st period - Deflect By Jiri Hudler.
4:07 of 1st period - Shot Blocked by Brady Skjei.
4:07 of 1st period - Puck is out of play.
4:08 of 1st period - Maxim Talbot wins face-off versus Tyler Bozak in Devils zone.
4:29 of 1st period - Minor Penalty to Mike Brown for Roughing.
4:30 of 1st period - Tyler Seguin wins face-off versus Vladimir Tarasenko in Nordiques zone.
6:29 of 1st period - Penalty to Mike Brown is over, Mike Brown is back on ice.
6:54 of 1st period - Ryan Ellis is hit by Tobias Enstrom.
7:03 of 1st period - Snap shot by Matt Gilroy.
7:03 of 1st period - Stopped by John Gibson with a rebound.
7:09 of 1st period - Slapshot by Vladimir Tarasenko.
7:09 of 1st period - Stopped by John Gibson with a rebound.
7:11 of 1st period - Snap shot by Vladimir Tarasenko.
7:11 of 1st period - Shot Misses the Net.
7:13 of 1st period - Snap shot by Vladimir Tarasenko.
7:13 of 1st period - Stopped by John Gibson without a rebound.
7:14 of 1st period - R.J. Umberger wins face-off versus Tyler Seguin in Devils zone.
7:35 of 1st period - David Legwand is hit by Rostislav Olesz and loses puck.
7:48 of 1st period - Gabriel Landeskog is hit by Mike Brown and loses puck.
8:21 of 1st period - David Legwand is hit by Travis Hamonic and loses puck.
8:40 of 1st period - Dustin Byfuglien is hit by Gabriel Landeskog and loses puck.
9:30 of 1st period - Ladislav Smid is hit by Dustin Byfuglien and loses puck.
10:35 of 1st period - Slapshot by Shea Weber.
10:35 of 1st period - Shot Blocked by Fedor Tyutin.
10:37 of 1st period - Slapshot by Tyler Seguin.
10:37 of 1st period - Stopped by Julien Ellis without a rebound.
10:38 of 1st period - Tyler Seguin wins face-off versus Mike Fisher in Nordiques zone.
10:41 of 1st period - Wrist shot by Marian Hossa.
10:41 of 1st period - Stopped by Julien Ellis with a rebound.
10:43 of 1st period - Slapshot by Ladislav Smid.
10:43 of 1st period - Stopped by Julien Ellis without a rebound.
10:44 of 1st period - David Legwand wins face-off versus Ryan Johansen in Nordiques zone.
10:55 of 1st period - Snap shot by Gabriel Landeskog.
10:55 of 1st period - Shot Blocked by Matt Gilroy.
10:57 of 1st period - Slapshot by Gabriel Landeskog.
10:57 of 1st period - Shot Blocked by David Legwand.
10:59 of 1st period - Slapshot by Gabriel Landeskog.
10:59 of 1st period - Stopped by Julien Ellis with a rebound.
11:01 of 1st period - Snap shot by Ryan Johansen.
11:01 of 1st period - Shot Misses the Net.
11:07 of 1st period - Minor Penalty to Matt Gilroy for Roughing.
11:08 of 1st period - Tyler Seguin wins face-off versus Vladimir Tarasenko in Nordiques zone.
11:21 of 1st period - Snap shot by Marian Hossa.
11:21 of 1st period - Shot Misses the Net.
11:55 of 1st period - Wrist shot by Tim Connolly.
11:55 of 1st period - Deflect By David Legwand.
11:55 of 1st period - Shot Misses the Net.
11:55 of 1st period - Puck is out of play.
11:56 of 1st period - Tyler Seguin wins face-off versus Tim Connolly in Devils zone.
12:57 of 1st period - Evander Kane is hit by Anthony Stewart.
13:07 of 1st period - Penalty to Matt Gilroy is over, Matt Gilroy is back on ice.
13:15 of 1st period - Wrist shot by Fedor Tyutin.
13:15 of 1st period - Shot Misses the Net.
13:17 of 1st period - Slapshot by T.J. Fast.
13:17 of 1st period - Shot Misses the Net.
13:21 of 1st period - Slapshot by Maxim Talbot.
13:21 of 1st period - Stopped by John Gibson with a rebound.
13:23 of 1st period - Slapshot by Zac Rinaldo.
13:23 of 1st period - Shot Misses the Net.
13:25 of 1st period - Slapshot by Mike Brown.
13:25 of 1st period - Stopped by John Gibson without a rebound.
13:26 of 1st period - Tyler Seguin wins face-off versus David Legwand in Devils zone.
13:35 of 1st period - Snap shot by Tyler Seguin.
13:35 of 1st period - Stopped by Julien Ellis with a rebound.
13:47 of 1st period - Slapshot by Ryan Ellis.
13:47 of 1st period - Shot Misses the Net.
13:49 of 1st period - Slapshot by Dustin Byfuglien.
13:49 of 1st period - Stopped by John Gibson with a rebound.
13:51 of 1st period - Snap shot by Maxim Talbot.
13:51 of 1st period - Stopped by John Gibson with a rebound.
13:53 of 1st period - Backhand shot by Mike Brown.
13:53 of 1st period - Stopped by John Gibson with a rebound.
13:55 of 1st period - Slapshot by Mike Brown.
13:55 of 1st period - Stopped by John Gibson with a rebound.
14:38 of 1st period - Wrist shot by Anthony Stewart.
14:38 of 1st period - Stopped by Julien Ellis with a rebound.
14:51 of 1st period - Minor Penalty to Maxim Talbot for Cross-checking.
14:52 of 1st period - Tyler Seguin wins face-off versus Vladimir Tarasenko in Nordiques zone.
14:56 of 1st period - Slapshot by Tyler Seguin.
14:56 of 1st period - Deflect By Johnny Gaudreau.
14:56 of 1st period - Shot Misses the Net.
14:56 of 1st period - Puck is out of play.
14:57 of 1st period - Tyler Seguin wins face-off versus Vladimir Tarasenko in Nordiques zone.
15:06 of 1st period - Snap shot by Marian Hossa.
15:06 of 1st period - Stopped by Julien Ellis without a rebound.
15:07 of 1st period - Tyler Seguin wins face-off versus Vladimir Tarasenko in Nordiques zone.
15:19 of 1st period - Off-side.
15:20 of 1st period - Vladimir Tarasenko wins face-off versus Tyler Seguin in neutral zone.
15:22 of 1st period - Off-side.
15:23 of 1st period - Vladimir Tarasenko wins face-off versus Tyler Seguin in neutral zone.
15:55 of 1st period - Slapshot by Travis Hamonic.
15:55 of 1st period - Goal by Travis Hamonic - Devils : 1 - Nordiques : 2.
15:56 of 1st period - Tyler Seguin wins face-off versus Tim Connolly in neutral zone.
16:46 of 1st period - T.J. Fast is hit by Brady Skjei and loses puck.
17:17 of 1st period - Marian Hossa is hit by Tim Connolly and loses puck.
17:30 of 1st period - Snap shot by Ryan Johansen.
17:30 of 1st period - Stopped by Julien Ellis without a rebound.
17:31 of 1st period - Ryan Johansen wins face-off versus David Legwand in Nordiques zone.
17:54 of 1st period - Minor Penalty to David Legwand for Roughing.
17:55 of 1st period - Tyler Seguin wins face-off versus Vladimir Tarasenko in Nordiques zone.
18:10 of 1st period - Wrist shot by Tyler Seguin.
18:10 of 1st period - Stopped by Julien Ellis without a rebound.
18:11 of 1st period - Vladimir Tarasenko wins face-off versus Tyler Seguin in Nordiques zone.
19:45 of 1st period - Vladimir Tarasenko is hit by Tyler Seguin and loses puck.
19:54 of 1st period - Penalty to David Legwand is over, David Legwand is back on ice.
Goals for this period are 1 for Devils vs 2 for Nordiques.
Shots for this period are 12 for Devils vs 13 for Nordiques.

2nd period


0:01 of 2nd period - Tim Connolly wins face-off versus Johnny Gaudreau in neutral zone.
0:30 of 2nd period - Viktor Arvidsson is hit by Fedor Tyutin and loses puck.
0:56 of 2nd period - Slapshot by Jiri Hudler.
0:56 of 2nd period - Shot Misses the Net.
1:16 of 2nd period - Wrist shot by David Legwand.
1:16 of 2nd period - Deflect By R.J. Umberger.
1:16 of 2nd period - Stopped by John Gibson with a rebound.
1:18 of 2nd period - Snap shot by R.J. Umberger.
1:18 of 2nd period - Shot Misses the Net.
1:25 of 2nd period - Slapshot by T.J. Fast.
1:25 of 2nd period - Stopped by John Gibson with a rebound.
1:27 of 2nd period - Wrist shot by Jiri Hudler.
1:27 of 2nd period - Shot Misses the Net.
1:36 of 2nd period - Snap shot by David Legwand.
1:36 of 2nd period - Shot Misses the Net.
1:38 of 2nd period - Slapshot by David Legwand.
1:38 of 2nd period - Stopped by John Gibson without a rebound.
1:39 of 2nd period - Tim Connolly wins face-off versus Marian Hossa in Devils zone.
1:54 of 2nd period - Slapshot by Tyler Seguin.
1:54 of 2nd period - Shot Blocked by Ryan Ellis.
2:00 of 2nd period - Shea Weber is hit by Ryan Ellis and loses puck.
2:21 of 2nd period - Icing by Ryan Johansen.
2:22 of 2nd period - Mike Fisher wins face-off versus Ryan Johansen in Devils zone.
2:47 of 2nd period - Shea Weber is hit by Dustin Byfuglien and loses puck.
3:34 of 2nd period - Snap shot by Gabriel Landeskog.
3:34 of 2nd period - Shot Misses the Net.
3:36 of 2nd period - Wrist shot by Gabriel Landeskog.
3:36 of 2nd period - Shot Blocked by Ryan Ellis.
3:38 of 2nd period - Slapshot by Travis Hamonic.
3:38 of 2nd period - Stopped by Julien Ellis with a rebound.
3:40 of 2nd period - Slapshot by Travis Hamonic.
3:40 of 2nd period - Deflect By Ryan Johansen.
3:40 of 2nd period - Stopped by Julien Ellis with a rebound.
3:42 of 2nd period - Snap shot by Travis Hamonic.
3:42 of 2nd period - Shot Blocked by Ryan Ellis.
3:46 of 2nd period - Snap shot by Ryan Johansen.
3:46 of 2nd period - Stopped by Julien Ellis with a rebound.
3:50 of 2nd period - Snap shot by Gabriel Landeskog.
3:50 of 2nd period - Stopped by Julien Ellis with a rebound.
3:52 of 2nd period - Snap shot by Ryan Johansen.
3:52 of 2nd period - Stopped by Julien Ellis without a rebound.
3:53 of 2nd period - Tyler Seguin wins face-off versus Maxim Talbot in Nordiques zone.
5:21 of 2nd period - Off-side.
5:22 of 2nd period - Vladimir Tarasenko wins face-off versus Tyler Bozak in neutral zone.
5:28 of 2nd period - Slapshot by Fedor Tyutin.
5:28 of 2nd period - Stopped by John Gibson with a rebound.
5:30 of 2nd period - Snap shot by Tim Connolly.
5:30 of 2nd period - Stopped by John Gibson with a rebound.
5:48 of 2nd period - Slapshot by Mike Brown.
5:48 of 2nd period - Shot Blocked by Ladislav Smid.
5:50 of 2nd period - Snap shot by Maxim Talbot.
5:50 of 2nd period - Goal by Maxim Talbot - Devils : 1 - Nordiques : 3.
5:51 of 2nd period - Tim Connolly wins face-off versus Tyler Seguin in neutral zone.
6:12 of 2nd period - Evander Kane is hit by Marian Hossa and loses puck.
7:17 of 2nd period - Slapshot by Ryan Ellis.
7:17 of 2nd period - Deflect By Tyler Seguin.
7:17 of 2nd period - Stopped by John Gibson without a rebound.
7:18 of 2nd period - David Legwand wins face-off versus Ryan Johansen in Devils zone.
7:31 of 2nd period - Slapshot by Brady Skjei.
7:31 of 2nd period - Deflect By Ryan Johansen.
7:31 of 2nd period - Deflect By T.J. Fast.
7:31 of 2nd period - Shot Misses the Net.
7:31 of 2nd period - Puck is out of play.
7:32 of 2nd period - David Legwand wins face-off versus Kevin Porter in Nordiques zone.
7:45 of 2nd period - Snap shot by Kellan Lain.
7:45 of 2nd period - Stopped by Julien Ellis with a rebound.
8:07 of 2nd period - Fedor Tyutin is hit by Viktor Arvidsson and loses puck.
8:22 of 2nd period - Fedor Tyutin is hit by Tyler Bozak.
8:46 of 2nd period - Anthony Stewart is hit by Dustin Byfuglien and loses puck.
9:04 of 2nd period - Minor Penalty to Mike Brown for Roughing.
9:05 of 2nd period - Marian Hossa wins face-off versus Vladimir Tarasenko in Nordiques zone.
9:07 of 2nd period - Snap shot by Johnny Gaudreau.
9:07 of 2nd period - Stopped by Julien Ellis without a rebound.
9:08 of 2nd period - Vladimir Tarasenko wins face-off versus Tyler Seguin in Nordiques zone.
9:33 of 2nd period - Jay Bouwmeester is hit by Kellan Lain and loses puck.
9:42 of 2nd period - Snap shot by Anthony Stewart.
9:42 of 2nd period - Shot Misses the Net.
10:32 of 2nd period - Vladimir Tarasenko is hit by Anthony Stewart.
11:04 of 2nd period - Penalty to Mike Brown is over, Mike Brown is back on ice.
11:23 of 2nd period - Slapshot by Shea Weber.
11:23 of 2nd period - Shot Blocked by Mike Brown.
11:25 of 2nd period - Slapshot by Shea Weber.
11:25 of 2nd period - Stopped by Julien Ellis with a rebound.
11:27 of 2nd period - Slapshot by Brandon Burlon.
11:27 of 2nd period - Shot Blocked by Mike Brown.
11:39 of 2nd period - Backhand shot by Fedor Tyutin.
11:39 of 2nd period - Shot Misses the Net.
11:41 of 2nd period - Slapshot by Fedor Tyutin.
11:41 of 2nd period - Stopped by John Gibson without a rebound.
11:42 of 2nd period - Tyler Seguin wins face-off versus David Legwand in Devils zone.
11:49 of 2nd period - Wrist shot by Johnny Gaudreau.
11:49 of 2nd period - Deflect By Marian Hossa.
11:49 of 2nd period - Shot Blocked by Dustin Byfuglien.
11:49 of 2nd period - Puck is out of play.
11:50 of 2nd period - Tyler Seguin wins face-off versus Tim Connolly in Nordiques zone.
11:54 of 2nd period - Icing by Dustin Byfuglien.
11:55 of 2nd period - Tim Connolly wins face-off versus Tyler Seguin in Nordiques zone.
13:37 of 2nd period - Minor Penalty to Fedor Tyutin for Tripping.
13:38 of 2nd period - Ryan Johansen wins face-off versus Vladimir Tarasenko in Nordiques zone.
14:04 of 2nd period - Evander Kane is hit by Anthony Stewart and loses puck.
14:15 of 2nd period - Snap shot by Kellan Lain.
14:15 of 2nd period - Deflect By Ryan Johansen.
14:15 of 2nd period - Shot Misses the Net.
14:15 of 2nd period - Puck is out of play.
14:16 of 2nd period - Tyler Seguin wins face-off versus Tim Connolly in Nordiques zone.
14:19 of 2nd period - Snap shot by Tyler Seguin.
14:19 of 2nd period - Shot Blocked by David Legwand.
14:29 of 2nd period - Slapshot by Marian Hossa.
14:29 of 2nd period - Deflect By David Legwand.
14:29 of 2nd period - Shot Misses the Net.
14:29 of 2nd period - Puck is out of play.
14:30 of 2nd period - Vladimir Tarasenko wins face-off versus Tyler Seguin in Nordiques zone.
14:34 of 2nd period - Off-side.
14:35 of 2nd period - Tyler Seguin wins face-off versus Vladimir Tarasenko in neutral zone.
15:37 of 2nd period - Penalty to Fedor Tyutin is over, Fedor Tyutin is back on ice.
15:47 of 2nd period - Vladimir Tarasenko is hit by Jordan Caron and loses puck.
16:06 of 2nd period - Wrist shot by Fedor Tyutin.
16:06 of 2nd period - Stopped by John Gibson with a rebound.
16:08 of 2nd period - Slapshot by Ryan Ellis.
16:08 of 2nd period - Shot Blocked by Brady Skjei.
16:10 of 2nd period - Snap shot by Fedor Tyutin.
16:10 of 2nd period - Deflect By Vladimir Tarasenko.
16:10 of 2nd period - Stopped by John Gibson with a rebound.
16:12 of 2nd period - Snap shot by Fedor Tyutin.
16:12 of 2nd period - Stopped by John Gibson without a rebound.
16:13 of 2nd period - David Legwand wins face-off versus Ryan Johansen in Devils zone.
16:20 of 2nd period - Snap shot by R.J. Umberger.
16:20 of 2nd period - Stopped by John Gibson without a rebound.
16:21 of 2nd period - Ryan Johansen wins face-off versus David Legwand in Devils zone.
16:57 of 2nd period - Snap shot by David Legwand.
16:57 of 2nd period - Shot Blocked by Ladislav Smid.
17:14 of 2nd period - Icing by Gabriel Landeskog.
17:15 of 2nd period - Tim Connolly wins face-off versus Ryan Johansen in Devils zone.
17:16 of 2nd period - Snap shot by Evander Kane.
17:16 of 2nd period - Deflect By Vladimir Tarasenko.
17:16 of 2nd period - Stopped by John Gibson with a rebound.
17:22 of 2nd period - Snap shot by Vladimir Tarasenko.
17:22 of 2nd period - Stopped by John Gibson without a rebound.
17:23 of 2nd period - Marian Hossa wins face-off versus Tim Connolly in Devils zone.
17:35 of 2nd period - Snap shot by Tyler Seguin.
17:35 of 2nd period - Shot Blocked by T.J. Fast.
17:37 of 2nd period - Slapshot by Shea Weber.
17:37 of 2nd period - Stopped by Julien Ellis with a rebound.
17:39 of 2nd period - Snap shot by Shea Weber.
17:39 of 2nd period - Stopped by Julien Ellis without a rebound.
17:40 of 2nd period - Zac Rinaldo wins face-off versus Kevin Porter in Nordiques zone.
18:11 of 2nd period - Off-side.
18:12 of 2nd period - Tim Connolly wins face-off versus Tyler Seguin in neutral zone.
18:15 of 2nd period - Snap shot by Evander Kane.
18:15 of 2nd period - Shot Blocked by Brady Skjei.
18:17 of 2nd period - Wrist shot by Vladimir Tarasenko.
18:17 of 2nd period - Stopped by John Gibson with a rebound.
18:19 of 2nd period - Snap shot by Matt Gilroy.
18:19 of 2nd period - Stopped by John Gibson with a rebound.
18:21 of 2nd period - Slapshot by Dustin Byfuglien.
18:21 of 2nd period - Stopped by John Gibson with a rebound.
18:23 of 2nd period - Wrist shot by Vladimir Tarasenko.
18:23 of 2nd period - Shot Misses the Net.
18:25 of 2nd period - Slapshot by Matt Gilroy.
18:25 of 2nd period - Stopped by John Gibson without a rebound.
18:26 of 2nd period - Tyler Seguin wins face-off versus Tim Connolly in Devils zone.
18:28 of 2nd period - Minor Penalty to Marian Hossa for Boarding.
18:29 of 2nd period - Tyler Seguin wins face-off versus Tim Connolly in Devils zone.
19:41 of 2nd period - Icing by Jiri Hudler.
19:42 of 2nd period - Kevin Porter wins face-off versus David Legwand in Nordiques zone.
19:43 of 2nd period - Wrist shot by Gabriel Landeskog.
19:43 of 2nd period - Shot Misses the Net.
Goals for this period are 0 for Devils vs 1 for Nordiques.
Shots for this period are 10 for Devils vs 18 for Nordiques.

3rd period


0:01 of 3rd period - Tyler Seguin wins face-off versus Tim Connolly in neutral zone.
0:28 of 3rd period - Penalty to Marian Hossa is over, Marian Hossa is back on ice.
0:42 of 3rd period - Snap shot by Travis Hamonic.
0:42 of 3rd period - Shot Blocked by Mike Brown.
0:54 of 3rd period - Kevin Porter is hit by Fedor Tyutin and loses puck.
1:19 of 3rd period - Rostislav Olesz is hit by Matt Gilroy and loses puck.
1:38 of 3rd period - Maxim Talbot is hit by Brady Skjei and loses puck.
1:57 of 3rd period - Slapshot by Ryan Ellis.
1:57 of 3rd period - Stopped by John Gibson with a rebound.
1:59 of 3rd period - Wrist shot by Mike Fisher.
1:59 of 3rd period - Stopped by John Gibson without a rebound.
2:00 of 3rd period - David Legwand wins face-off versus Tyler Seguin in Devils zone.
4:43 of 3rd period - Wrist shot by Vladimir Tarasenko.
4:43 of 3rd period - Stopped by John Gibson with a rebound.
4:56 of 3rd period - Off-side.
4:57 of 3rd period - David Legwand wins face-off versus Kevin Porter in neutral zone.
5:13 of 3rd period - Minor Penalty to Jiri Hudler for Holding.
5:14 of 3rd period - Tyler Seguin wins face-off versus Vladimir Tarasenko in Nordiques zone.
5:14 of 3rd period - Wrist shot by Johnny Gaudreau.
5:14 of 3rd period - Shot Misses the Net.
5:16 of 3rd period - Snap shot by Marian Hossa.
5:16 of 3rd period - Shot Blocked by Evander Kane.
5:18 of 3rd period - Snap shot by Tyler Seguin.
5:18 of 3rd period - Shot Blocked by Ryan Ellis.
5:20 of 3rd period - Slapshot by Brady Skjei.
5:20 of 3rd period - Stopped by Julien Ellis without a rebound.
5:21 of 3rd period - Johnny Gaudreau wins face-off versus Evander Kane in Nordiques zone.
5:22 of 3rd period - Slapshot by Brady Skjei.
5:22 of 3rd period - Shot Misses the Net.
5:24 of 3rd period - Snap shot by Travis Hamonic.
5:24 of 3rd period - Deflect By Ryan Ellis.
5:24 of 3rd period - Goal by Travis Hamonic - Devils : 2 - Nordiques : 3.
5:25 of 3rd period - Tim Connolly wins face-off versus Tyler Seguin in neutral zone.
5:59 of 3rd period - Viktor Arvidsson is hit by R.J. Umberger and loses puck.
6:14 of 3rd period - Icing by Travis Hamonic.
6:15 of 3rd period - Maxim Talbot wins face-off versus Kevin Porter in Devils zone.
6:16 of 3rd period - Snap shot by Mike Brown.
6:16 of 3rd period - Shot Blocked by Kellan Lain.
6:21 of 3rd period - Off-side.
6:22 of 3rd period - Tim Connolly wins face-off versus Kevin Porter in neutral zone.
6:31 of 3rd period - Wrist shot by Evander Kane.
6:31 of 3rd period - Shot Blocked by Kevin Porter.
6:33 of 3rd period - Wrist shot by Tim Connolly.
6:33 of 3rd period - Shot Misses the Net.
6:35 of 3rd period - Snap shot by Tim Connolly.
6:35 of 3rd period - Shot Misses the Net.
6:49 of 3rd period - T.J. Fast is hit by Tobias Enstrom and loses puck.
8:11 of 3rd period - Shea Weber is hit by Vladimir Tarasenko and loses puck.
8:54 of 3rd period - T.J. Fast is hit by Marian Hossa and loses puck.
9:03 of 3rd period - Backhand shot by Tyler Seguin.
9:03 of 3rd period - Stopped by Julien Ellis without a rebound.
9:04 of 3rd period - Tyler Seguin wins face-off versus Maxim Talbot in Nordiques zone.
9:41 of 3rd period - Minor Penalty to Gabriel Landeskog for Diving.
9:42 of 3rd period - Tim Connolly wins face-off versus Tyler Seguin in Devils zone.
9:54 of 3rd period - Tyler Seguin is hit by Tim Connolly and loses puck.
11:41 of 3rd period - Penalty to Gabriel Landeskog is over, Gabriel Landeskog is back on ice.
11:46 of 3rd period - Tyler Seguin is hit by Zac Rinaldo and loses puck.
12:02 of 3rd period - Slapshot by Travis Hamonic.
12:02 of 3rd period - Stopped by Julien Ellis with a rebound.
12:35 of 3rd period - Backhand shot by Rostislav Olesz.
12:35 of 3rd period - Deflect By Tyler Bozak.
12:35 of 3rd period - Shot Misses the Net.
12:35 of 3rd period - Puck is out of play.
12:36 of 3rd period - Kevin Porter wins face-off versus Maxim Talbot in Nordiques zone.
13:03 of 3rd period - Vladimir Tarasenko is hit by Brady Skjei and loses puck.
13:55 of 3rd period - Tim Connolly is hit by Tyler Bozak and loses puck.
14:20 of 3rd period - Snap shot by Maxim Talbot.
14:20 of 3rd period - Stopped by John Gibson without a rebound.
14:21 of 3rd period - Kevin Porter wins face-off versus Maxim Talbot in Devils zone.
14:27 of 3rd period - Off-side.
14:28 of 3rd period - Tim Connolly wins face-off versus Kevin Porter in neutral zone.
14:35 of 3rd period - Snap shot by Evander Kane.
14:35 of 3rd period - Shot Misses the Net.
15:02 of 3rd period - Wrist shot by Tyler Seguin.
15:02 of 3rd period - Shot Misses the Net.
15:20 of 3rd period - Slapshot by Jay Bouwmeester.
15:20 of 3rd period - Stopped by John Gibson without a rebound.
15:21 of 3rd period - Kevin Porter wins face-off versus Tim Connolly in Devils zone.
15:21 of 3rd period - Brady Skjei is hit by Evander Kane and loses puck.
15:42 of 3rd period - Minor Penalty to Fedor Tyutin for Tripping.
15:43 of 3rd period - Tyler Seguin wins face-off versus Vladimir Tarasenko in Nordiques zone.
15:46 of 3rd period - Wrist shot by Tyler Seguin.
15:46 of 3rd period - Stopped by Julien Ellis with a rebound.
15:48 of 3rd period - Snap shot by Johnny Gaudreau.
15:48 of 3rd period - Shot Misses the Net.
15:50 of 3rd period - Slapshot by Travis Hamonic.
15:50 of 3rd period - Stopped by Julien Ellis without a rebound.
15:51 of 3rd period - Tyler Seguin wins face-off versus Vladimir Tarasenko in Nordiques zone.
16:06 of 3rd period - Slapshot by Brady Skjei.
16:06 of 3rd period - Stopped by Julien Ellis without a rebound.
16:07 of 3rd period - Vladimir Tarasenko wins face-off versus Tyler Seguin in Nordiques zone.
16:32 of 3rd period - Vladimir Tarasenko is hit by Travis Hamonic and loses puck.
17:42 of 3rd period - Penalty to Fedor Tyutin is over, Fedor Tyutin is back on ice.
17:53 of 3rd period - Slapshot by Ryan Ellis.
17:53 of 3rd period - Shot Blocked by Gabriel Landeskog.
18:07 of 3rd period - Wrist shot by Viktor Arvidsson.
18:07 of 3rd period - Shot Misses the Net.
18:17 of 3rd period - Rostislav Olesz is hit by R.J. Umberger and loses puck.
18:50 of 3rd period - Devils, John Gibson is pulled from the net.
19:30 of 3rd period - Wrist shot by Evander Kane.
19:30 of 3rd period - Shot Misses the Net.
19:34 of 3rd period - Wrist shot by Evander Kane.
19:34 of 3rd period - Shot Blocked by Shea Weber.
19:36 of 3rd period - Wrist shot by Tim Connolly.
19:36 of 3rd period - Goal by Tim Connolly - Devils : 2 - Nordiques : 4.
19:36 of 3rd period - John Gibson from Devils was sent back in the game.
19:37 of 3rd period - Tim Connolly wins face-off versus Kevin Porter in neutral zone.
Goals for this period are 1 for Devils vs 1 for Nordiques.
Shots for this period are 7 for Devils vs 6 for Nordiques.